 Dungeon Crawl Stone Soup version 0.30-a0-1163-gf69bf04e7a (webtiles) character file.

Game seed: 8369372235831449469

4356 Maxmaps the Cleaver (level 10, -3/80 HPs)
             Began as a Demonspawn Monk on Apr 28, 2023.
             Was an Initiate of Gozag.
             Slain by a troll (10 damage)
             ... on level 9 of the Dungeon.
             The game lasted 00:11:08 (9724 turns).

Maxmaps the Cleaver (Demonspawn Monk)               Turns: 9724, Time: 00:11:08

Health: -3/80      AC: 19    Str: 12    XL:     10   Next: 12%
Magic:  10/10      EV:  7    Int: 20    God:    Gozag
Gold:   1026       SH:  0    Dex: 15    Spells: 9/9 levels left

rFire   . . .        I - +4 battleaxe (protect)
rCold   . . .        (shield currently unavailable)
rNeg    . . .        m - +0 chain mail
rPois   .            i - +0 helmet
rElec   .            (no cloak)
rCorr   .            (no gloves)
SInv    .            F - +0 pair of boots
Will    .....        (no amulet) Stlth
                     (no ring)
HPRegen 0.33/turn    (no ring)
MPRegen 0.12/turn

%: no passive effects
@: under a protective aura
A: spiny 1, big brain 2, demonic magic 1
a: Renounce Religion, Potion Petition, Call Merchant, Bribe Branch


You were on level 9 of the Dungeon.
You worshipped Gozag.
Gozag was most pleased with you.
You visited 2 branches of the dungeon, and saw 10 of its levels.

You collected 1026 gold pieces.

Inventory:

Hand Weapons
 o - a +2 whip of flaming
 D - a +2 hand axe of electrocution
 I - a +4 battleaxe of protection (weapon)
Armour
 b - a +0 robe
 d - an orb of light
 f - a +0 ring mail
 i - a +0 helmet (worn)
 m - a +0 chain mail (worn)
 F - a +0 pair of boots (worn)
Jewellery
 e - a ring of protection from cold
Wands
 c - a wand of digging (4)
 u - a wand of roots (6)
 A - a wand of polymorph (13)
 H - a wand of flame (11)
Scrolls
 a - a scroll of magic mapping
 g - a scroll of identify
 j - a scroll of silence
 k - 3 scrolls of teleportation
 p - a scroll of vulnerability
 r - a scroll of fear
 v - a scroll of amnesia
 x - a scroll of brand weapon
 y - a scroll of summoning
Potions
 h - 3 potions of lignification
 n - 3 potions of cancellation
 q - 2 potions of heal wounds {unknown}
 t - a potion of degeneration {unknown}
 w - 2 potions of berserk rage {unknown}
 B - 4 potions of flight {unknown}
 C - a potion of magic {unknown}
 E - 2 potions of attraction {unknown}
 G - a potion of brilliance {unknown}
 J - 2 potions of resistance {unknown}
 K - a potion of haste {unknown}


   Skills:
 - Level 8.0 Fighting
 + Level 9.6(9.9) Axes
 - Level 3.6(7.1) Maces & Flails
 - Level 6.0 Armour
 - Level 2.6 Dodging


You had 9 spell levels left.
You didn't know any spells.
Your spell library contained the following spells:

 Spells                   Type           Power      Damage    Failure   Level
 Slow                     Hex            0%         N/A       98%         1
 Confusing Touch          Hex            0%         N/A       100%        3
 Dazzling Flash           Conj/Hex       0%         N/A       100%        3
 Vampiric Draining        Necr           0%         2d6       100%        3
 Vhi's Electric Charge    Tloc/Air       0%         N/A       100%        3
 Agony                    Necr           0%         N/A       100%        5
 Arcjolt                  Conj/Air       0%         1d10      100%        5
 Silence                  Hex/Air        0%         N/A       100%        5
 Maxwell's Capacitive Co  Air            0%         ∞         100%        8


Dungeon Overview and Level Annotations

Branches:
Dungeon (9/15)             Temple (1/1) D:5
   Lair: D:8-11         Orc: D:9-12

Altars:
Ashenzari
Dithmenos
Fedhas
Gozag
Hepliaklqana
Kikubaaqudgha
Makhleb
Nemelex Xobeh
Okawaru
Qazlal
Ru
Sif Muna
Trog
Uskayaw
Vehumet
Wu Jian
Xom
Yredelemnul

Shops:
D:4 =

Annotations:
D:8 2 transporters, liarliar's ghost, journeyman DrTm


Innate Abilities, Weirdness & Mutations

You are partially covered in sharp spines.
You have an extremely huge brain. (Int +4)
Spells you cast may paralyse adjacent enemies.


Message History

Your weapon exudes an aura of protection.
You kill the orc!
You now have 973 gold pieces (gained 13).
Things that are here:
a +0 hand axe; a +0 leather armour; a +0 dagger You now have 1008 gold pieces (gained 35).
Items here: )))))) [.
You now have 1020 gold pieces (gained 12).
Things that are here:
a +0 whip; a +0 whip You now have 1026 gold pieces (gained 6).
You see here a +0 trident of flaming.
A troll comes into view.
The troll shouts!
Items here: )))))) [.
The troll barely misses you. The troll claws you. The troll barely misses you.
Items here: $ ( ))) [.
You hit the troll.
Your weapon exudes an aura of protection.
The troll is lightly wounded.
The troll bites you but does no damage.
The troll claws you but does no damage. x2
You slash the troll!
The troll is heavily wounded.
The troll completely misses you. The troll claws you but does no damage.
The troll barely misses you.
You barely miss the troll.
The troll is heavily wounded.
The troll bites you! The troll closely misses you.
The troll claws you but does no damage.
You slash the troll!
The troll is heavily wounded.
The troll is struck by your spines. The troll bites you!
* * * LOW HITPOINT WARNING * * *
The troll claws you.
* * * LOW HITPOINT WARNING * * *
The troll claws you but does no damage. The troll bites you!
* * * LOW HITPOINT WARNING * * *
The troll claws you!
You die...
Your body crumbles into a pile of gold.

#'## 8.8##
###....#
##.?....##
##........# .
#.#.....$.## ...
#.)........#
....###)))........
#...T@.$$.......
#.....$$........
#...............
#.....<.........
#...........<...
.................
..#######.....#.#.
.. .####.. .# #.


You could see a troll.

Vanquished Creatures
  Pikel (D:5)
  Sigmund (D:3)
  Eustachio (D:4)
  A wyvern (D:8)
  A steam dragon (D:8)
  3 water moccasins
  3 orc warriors
  2 black bears
  An ice beast (D:7)
  A sky beast (D:5)
  6 centaurs
  2 ogres (D:6)
  3 phantoms (D:5)
  2 kobold brigands
  2 bullfrogs
  2 scorpions
  7 wights
  A jelly (D:5)
  2 orc priests
  4 hounds
  Jessica (D:2)
  2 iguanas
  Ijyb (D:3)
  2 gnoll boudas
  An orc wizard (D:4)
  A statue (D:4)
  Robin (D:3)
  12 gnolls
  7 adders
  3 white imps (D:6)
  An ufetubus (D:4)
  A worm (D:3)
  3 dart slugs
  29 orcs
  9 bats
  8 endoplasms
  6 hobgoblins
  2 jackals (D:1)
  13 kobolds
  4 quokkas
  6 ball pythons
  4 frilled lizards
  14 goblins
  7 rats
184 creatures vanquished.

Notes
Turn   | Place    | Note
-------+----------+-------------------------------------------
     0 | D:1      | Maxmaps the Demonspawn Monk began the quest for the Orb.
     0 | D:1      | Reached XP level 1. HP: 18/18 MP: 1/1
    64 | D:1      | Reached skill level 3 in Axes
   119 | D:1      | Gained mutation: You have an unusually large brain. (Int
                  | +2) [demonic ancestry]
   119 | D:1      | Reached XP level 2. HP: 24/24 MP: 2/2
   959 | D:1      | Reached XP level 3. HP: 25/29 MP: 3/3
  1418 | D:2      | Reached skill level 4 in Axes
  1432 | D:2      | Noticed Jessica
  1444 | D:2      | Killed Jessica
  1639 | D:2      | Gained mutation: You are partially covered in sharp spines.
                  | [demonic ancestry]
  1639 | D:2      | Reached XP level 4. HP: 35/35 MP: 4/4
  2174 | D:3      | Noticed Sigmund
  2188 | D:3      | Killed Sigmund
  2189 | D:3      | Reached XP level 5. HP: 29/41 MP: 5/5
  2351 | D:3      | Found a faded altar of an unknown god.
  2392 | D:3      | Noticed Ijyb
  2393 | D:3      | Noticed Robin
  2404 | D:3      | Killed Robin
  2413 | D:3      | Killed Ijyb
  2414 | D:3      | Gained mutation: You have an extremely huge brain. (Int +4)
                  | [demonic ancestry]
  2414 | D:3      | Reached XP level 6. HP: 24/47 MP: 6/6
  3150 | D:4      | Found a radiant altar of Vehumet.
  3464 | D:4      | Reached skill level 5 in Armour
  3643 | D:4      | Found Erafuk's Jewellery Shoppe.
  3673 | D:4      | Noticed Eustachio
  3716 | D:4      | Killed Eustachio
  3717 | D:4      | Gained mutation: Spells you cast may paralyse adjacent
                  | enemies. [demonic ancestry]
  3717 | D:4      | Reached XP level 7. HP: 23/52 MP: 7/7
  4136 | D:5      | Entered Level 5 of the Dungeon
  4370 | D:5      | Reached skill level 5 in Fighting
  4468 | D:5      | Found an ornate altar of the Wu Jian Council.
  4619 | D:5      | Noticed Pikel
  4634 | D:5      | Killed Pikel
  4635 | D:5      | Reached XP level 8. HP: 30/67 MP: 8/8
  4936 | D:5      | Reached skill level 1 in Maces & Flails
  5240 | D:5      | Found a staircase to the Ecumenical Temple.
  5264 | Temple   | Entered the Ecumenical Temple
  5363 | Temple   | Became a worshipper of Gozag Ym Sagoz the Greedy
  5676 | D:6      | Reached XP level 9. HP: 59/74 MP: 9/9
  5789 | D:6      | Reached skill level 5 in Axes
  7045 | D:7      | Reached skill level 6 in Axes
  7436 | D:7      | Reached skill level 7 in Axes
  8634 | D:8      | Noticed a cyclops
  8638 | D:8      | Noticed liarliar's ghost (journeyman DrTm)
  8657 | D:8      | Found a transporter.
  8660 | D:8      | Found a transporter.
  8682 | D:8      | Reached skill level 8 in Axes
  9022 | D:8      | Reached skill level 9 in Axes
  9084 | D:8      | Reached XP level 10. HP: 69/80 MP: 10/10
  9724 | D:9      | Slain by a troll

Illustrated notes

Levels and vault maps discovered:
D:1:      saegor_arrival_simple_a, layout_basic, serial_co_window_serial,
          co_window_corner_a, co_window_of_opportunity_a,
          co_window_of_opportunity_a, co_window_paths_a,
          co_window_of_opportunity_a, co_window_corner_a, co_window_corner_a,
          co_window_corner_b, co_window_corner_b, co_window_2corner,
          co_window_corner_b, co_window_paths_c, co_window_cross_3,
          co_window_2corner, co_window_4corner_b, kennysheep_pointless_box
D:2:      layout_loops_corners, uniq_jessica
D:3:      layout_basic, shapermc_ecumenical_altar_mp_highgroup,
          nicolae_goblin_pals, uniq_robin, uniq_sigmund
D:4:      layout_loops_ring, vehumet_statue, serial_shops, nicolae_shop_stone,
          uniq_eustachio
D:5:      layout_basic, mainiacjoe_overflow_divided_tiny,
          minmay_temple_entry_statues_pillars, uniq_pikel
D:6:      layout_basic, hangedman_feature_mirror, minmay_crossroads
D:7:      layout_loops_corners
D:8:      layout_basic, serial_glass, glass_columns_b, glass_columns_a,
          glass_columns_a, glass_columns_b, gammafunk_ghost_arena
D:9:      layout_small_grid, erik_lair_orcish_takeover, hiddenorc1_lemuel,
          minivault_26, st_stairs_13
Temple:   compressed_dpeg_circular_temple

Skill      XL: |  1  2  3  4  5  6  7  8  9 |
---------------+----------------------------+-----
Axes           | 3 4 9 |  9.6
Armour         | 3 4 6 |  6.0
Fighting       | 7 8 |  8.0
Maces & Flails | 3 |  3.6
Dodging        | |  2.6

Action                     |  1- 3 |  4- 6 |  7- 9 | 10-12 || total
---------------------------+-------+-------+-------+-------++-------
  Melee: Hand axe          |    87 |   168 |   153 |       ||   408
         Whip              |       |       |    57 |       ||    57
         Battleaxe         |       |       |    39 |    40 ||    79
    Use: Potion            |       |     1 |     4 |       ||     5
         Scroll            |       |       |    15 |       ||    15
   Stab: Distracted        |       |       |     2 |     1 ||     3
 Armour: Robe              |     8 |       |       |       ||     8
         Ring mail         |    24 |       |       |       ||    24
         Chain mail        |       |    97 |   145 |    44 ||   286
  Dodge: Dodged            |    71 |    32 |    93 |    37 ||   233

Table legend: (Time is in decaauts)
 A = Elapsed time spent in this place.
 B = Non-inter-level travel time spent in this place.
 C = Inter-level travel time spent in this place.
 D = Time resting spent in this place.
 E = Time spent auto-exploring this place.
 F = Levels seen in this place.
 G = Mean time per level.
                   A        B        C        D        E       F      G
               +--------+--------+--------+--------+--------+-----+--------+
         Total |   9764 |   9190 |    574 |   1259 |   6491 |  10 |  976.4 |
       Dungeon |   9646 |   9098 |    548 |   1259 |   6434 |   9 | 1071.8 |
        Temple |    117 |     91 |     26 |      0 |     57 |   1 |  117.0 |
               +--------+--------+--------+--------+--------+-----+--------+

Top non-repeatable levels by time:
     D:6: 1589 daAuts
     D:7: 1487 daAuts
     D:1: 1306 daAuts
     D:5: 1284 daAuts
     D:8: 1070 daAuts
     D:4: 1008 daAuts
     D:3: 992 daAuts
     D:2: 854 daAuts
  Temple: 117 daAuts
     D:9: 52 daAuts
